 Dungeon Crawl Stone Soup version 0.19.1-1-g22dce08 (webtiles) character file.

126 Mefis the Magician (level 4, -5/24 HPs)
             Began as a Deep Elf Wizard on Jan 1, 2017.
             Shot with an arrow by a centaur (12 damage)
             ... on level 3 of the Dungeon.
             The game lasted 00:04:53 (2676 turns).

Mefis the Magician (Deep Elf Wizard)                Turns: 2676, Time: 00:04:54

Health: -5/24      AC:  4    Str:  4    XL:     4   Next: 84%
Magic:  0/13       EV: 13    Int: 24    God:
Gold:   158        SH:  0    Dex: 13    Spells: 6 memorised, 0 levels left

rFire  . . .     SeeInvis .     h - +4 spear
rCold  . . .     Gourm    .     a - +0 robe
rNeg   . . .     Faith    .     (no shield)
rPois  .         Spirit   .     b - +0 hat
rElec  .         Reflect  .     n - +0 cloak
rCorr  .         Harm     .     (no gloves)
MR     .....                    p - +0 pair of boots
Stlth  ++........               (no amulet)
                                (no ring)
                                (no ring)

@: very slightly contaminated
A: no striking features
a: no special abilities


You were on level 3 of the Dungeon.
You were not hungry.

You visited 1 branch of the dungeon, and saw 3 of its levels.

You collected 158 gold pieces.

Inventory:

Hand Weapons
 f - a +0 dagger
 h - a +4 spear (weapon)
 l - a +0 hunting sling
 r - a +2 dagger of protection
 t - a +0 blowgun
 u - a +2 trident of venom
Missiles
 o - 15 poisoned needles
Armour
 a - a +0 robe (worn)
 b - a +0 hat (worn)
 n - a +0 cloak (worn)
 p - a +0 pair of boots (worn)
Jewellery
 k - an uncursed ring of magical power {unknown}
Scrolls
 e - 2 scrolls of enchant armour {unknown}
 g - a scroll of blinking {unknown}
 i - 4 scrolls of remove curse {unknown}
 j - a scroll of teleportation {unknown}
 q - a scroll of identify {unknown}
Potions
 m - a potion of heal wounds {unknown}
Books
 c - a book of Minor Magic

   Spells                             Type                      Level
   a - Magic Dart                     Conjuration                  1
   b - Blink                          Translocation                2
   c - Call Imp                       Summoning                    2
   d - Repel Missiles                 Charms/Air                   2
   e - Slow                           Hexes                        2
   f - Conjure Flame                  Conjuration/Fire             3
   g - Mephitic Cloud                 Conjuration/Poison/Air       3
Comestibles
 d - a bread ration
 s - 7 chunks of flesh


   Skills:
 + Level 3.5 Dodging
 + Level 3.4 Stealth
 * Level 5.4 Spellcasting
 + Level 2.5 Conjurations
 - Level 1.1 Summonings
 - Level 1.1 Translocations
 + Level 0.6 Air Magic
 + Level 1.0 Poison Magic


You couldn't memorise any spells.
You knew the following spells:

 Your Spells              Type           Power        Failure   Level  Hunger
a - Magic Dart            Conj           ###.         3%          1    None
b - Call Imp              Summ           ##......     12%         2    None
c - Blink                 Tloc           N/A          12%         2    None
d - Repel Missiles        Chrm/Air       #.....       12%         2    None
e - Mephitic Cloud        Conj/Pois/Air  ##......     17%         3    #......
f - Conjure Flame         Conj/Fire      ##......     17%         3    #......


Dungeon Overview and Level Annotations

Branches:
Dungeon (3/15)

Altars:
Trog

Annotations:
D:1 scroll plants


Message History

The centaur is severely wounded.
The centaur misses you. The centaur hits you.
* * * LOW HITPOINT WARNING * * *
A dart slug comes into view.
You are too injured to fight recklessly!
The centaur wields an uncursed shortbow.
The centaur shoots an arrow.
The arrow closely misses your crimson imp.
The arrow is repelled.
You feel less protected from missiles.
Your crimson imp blinks!
You are too injured to fight recklessly!
Attack whom?
Press: ? - help, Dir - move target cursor, f - centaur
Aim: a centaur, wielding a shortbow (severely wounded)
You reach to attack!
You closely miss the centaur.
The centaur is severely wounded.
The centaur shoots an arrow.
The arrow hits you!
Ouch! That really hurt!
You die...

.c..... ...... .....
#... #..
#####.###+######
##+###...#..#........
.......@§c(.#........
.....................
..............>......
.#.........#............
..5........##..###......
.#.........##..# #......
.w..#########..# #......
.... ######..###......
..................


You could see a centaur, a dart slug and a friendly crimson imp.

Vanquished Creatures
  A gnoll (D:1)
  3 adders
  An ooze (D:2)
  3 dart slugs
  A leopard gecko (D:2)
  3 orcs (D:3)
  3 bats
  2 giant cockroaches
  12 goblins
  13 hobgoblins
  11 jackals
  5 frilled lizards
  6 kobolds
  4 rats
68 creatures vanquished.

Notes
Turn   | Place    | Note
-------+----------+-------------------------------------------
     0 | D:1      | Mefis the Deep Elf Wizard began the quest for the Orb.
     0 | D:1      | Reached XP level 1. HP: 10/10 MP: 7/7
   214 | D:1      | Reached XP level 2. HP: 15/15 MP: 6/9
   218 | D:1      | Learned a level 2 spell: Call Imp
   221 | D:1      | Learned a level 2 spell: Blink
   224 | D:1      | Learned a level 2 spell: Repel Missiles
   733 | D:1      | Reached XP level 3. HP: 19/19 MP: 3/11
  1158 | D:2      | Reached skill level 5 in Spellcasting
  1535 | D:2      | Reached XP level 4. HP: 21/24 MP: 1/13
  1548 | D:2      | Learned a level 3 spell: Mephitic Cloud
  1552 | D:2      | Learned a level 3 spell: Conjure Flame
  1970 | D:2      | Found a bloodstained altar of Trog.
  2304 | D:2      | Found a bloodstained altar of Trog.
  2652 | D:3      | Reached skill level 1 in Poison Magic
  2655 | D:3      | Noticed a centaur
  2676 | D:3      | Shot with an arrow by a centaur

Skill      XL: |  1  2  3  4 |
---------------+-------------+-----
Dodging        | 3 |  3.5
Stealth        | 3 |  3.4
Spellcasting   | 5 |  5.4
Conjurations   | 2 |  2.5
Poison Magic   | 1 |  1.0
Summonings     | |  1.1
Translocations | |  1.1
Air Magic      | |  0.6

Action                   |  1- 3 |  4- 6 || total
-------------------------+-------+-------++-------
Melee: Spear             |    11 |    18 ||    29
       Dagger            |     1 |       ||     1
 Cast: Magic Dart        |    93 |    70 ||   163
       Repel Missiles    |     1 |     1 ||     2
       Mephitic Cloud    |       |     1 ||     1
       Call Imp          |       |     1 ||     1
 Stab: Sleeping          |     2 |       ||     2
  Eat: Chunk             |     1 |     4 ||     5
Armor: Robe              |    11 |     9 ||    20
Dodge: Dodged            |    51 |    26 ||    77
       Deflected         |       |     2 ||     2
